Construct Medical Station
Selects Advanced Infantry Battlegroup
Selects Advanced Infantry Battlegroup
Selects Convert to Ranger Squad
Selects Artillery Observers
Selects Frontline Medical Station
Construct Weapon Support Center
M1918 Browning Automatic Rifles
Selects M2A1 105mm Howitzer Emplacement
M18 Hellcat Tank Destroyer
Selects 155mm Rapid Artillery Barrage
M18 Hellcat Tank Destroyer
M18 Hellcat Tank Destroyer
M4(105) Sherman Bulldozer
155mm Rapid Artillery Barrage
M4(105) Sherman Bulldozer
155mm Rapid Artillery Barrage
M18 Hellcat Tank Destroyer
M4(105) Sherman Bulldozer